TOP OF THE 1ST |
Bismark Border Guards batting - Pitching for Menlo Maniacs : LHP Raúl Fernández
|
Pitching: LHP Raúl Fernández
|
|
Batting: RHB Tony Hernández
|
0-0: Foul Ball, location: 2F 0-1: Ground out 5-3 (Groundball, 56)
|
Batting: RHB Enrique Soto
|
0-0: Called Strike 0-1: Fly out, F7 (Flyball, 78S)
|
Batting: RHB Jeremiah Soto
|
0-0: Ball 1-0: Called Strike 1-1: Swinging Strike 1-2: TRIPLE (Flyball, 89D)
|
Batting: RHB Alfredo Farías
|
0-0: Fly out, F4 (Popup, 34D)
|
Top of the 1st over - 0 run(s), 1 hit(s), 0 error(s), 1 left on base; Bismark 0 - Menlo 0 |
BOTTOM OF THE 1ST |
Menlo Maniacs batting - Pitching for Bismark Border Guards : RHP Nick Clark
|
Pitching: RHP Nick Clark
|
|
Batting: RHB Kyle Mann
|
0-0: SINGLE (Line Drive, 6MD)
|
Batting: RHB Byron Bracy
|
0-0: Called Strike 0-1: Called Strike 0-2: Ball Kyle Mann steals 2nd base 1-2: Ball 2-2: Strikes out swinging
|
Batting: LHB Bill McCraney
|
0-0: Ball 1-0: Called Strike 1-1: Called Strike 1-2: Strikes out looking
|
Batting: RHB Jason Blair
|
0-0: Foul Ball, location: 2F 0-1: Swinging Strike 0-2: Foul Ball, location: 2F 0-2: Foul Ball, location: 2F 0-2: Ball 1-2: Strikes out swinging
|
Bottom of the 1st over - 0 run(s), 1 hit(s), 0 error(s), 1 left on base; Bismark 0 - Menlo 0 |
TOP OF THE 2ND |
Bismark Border Guards batting - Pitching for Menlo Maniacs : LHP Raúl Fernández
|
Batting: SHB Júlio Romano
|
0-0: Ball 1-0: Ball 2-0: Swinging Strike 2-1: Ground out U3 (Groundball, 34)
|
Batting: RHB Reynaldo Slomp
|
0-0: Foul Ball, location: 2F 0-1: Ball 1-1: Called Strike 1-2: Ball 2-2: Ball 3-2: Foul Ball, location: 2F 3-2: SINGLE (Flyball, 89S)
|
Batting: SHB Vicente Pagán
|
0-0: SINGLE (Groundball, 56D) Reynaldo Slomp to second
|
Batting: RHB José Vidal
|
0-0: Ball 1-0: Foul Ball, location: 2F 1-1: Ball 2-1: Foul Ball, location: 2F 2-2: Ball 3-2: Strikes out swinging
|
Batting: RHB António Martínez
|
0-0: Swinging Strike 0-1: Foul Ball, location: 2F 0-2: Ball 1-2: DOUBLE (Flyball, 9D) Reynaldo Slomp scores Vicente Pagán to third Runner from 3rd tries for Home, SAFE, no throw
|
Batting: RHB Tony Hernández
|
0-0: Ball 1-0: Foul Ball, location: 2F 1-1: Ground out 1-3 (Groundball, 15S)
|
Top of the 2nd over - 2 run(s), 3 hit(s), 0 error(s), 1 left on base; Bismark 2 - Menlo 0 |
BOTTOM OF THE 2ND |
Menlo Maniacs batting - Pitching for Bismark Border Guards : RHP Nick Clark
|
Batting: RHB Luis Ramírez
|
0-0: Ball 1-0: Ball 2-0: Foul Ball, location: 2F 2-1: Swinging Strike 2-2: Ball 3-2: Foul Ball, location: 2F 3-2: Strikes out swinging
|
Batting: LHB Tim Ramsey
|
0-0: Foul Ball, location: 2F 0-1: Fly out, F8 (Flyball, 89D)
|
Batting: RHB Joe Noble
|
0-0: Ball 1-0: Swinging Strike 1-1: Ball 2-1: Swinging Strike 2-2: Ball 3-2: Strikes out swinging
|
Bottom of the 2nd over - 0 run(s), 0 hit(s), 0 error(s), 0 left on base; Bismark 2 - Menlo 0 |
TOP OF THE 3RD |
Bismark Border Guards batting - Pitching for Menlo Maniacs : LHP Raúl Fernández
|
Batting: RHB Enrique Soto
|
0-0: Ball 1-0: Fly out, F7 (Flyball, 7LS)
|
Batting: RHB Jeremiah Soto
|
0-0: Ball 1-0: Fly out, F4 (Line Drive, 4)
|
Batting: RHB Alfredo Farías
|
0-0: Ground out 4-3 (Groundball, 4)
|
Top of the 3rd over - 0 run(s), 0 hit(s), 0 error(s), 0 left on base; Bismark 2 - Menlo 0 |
BOTTOM OF THE 3RD |
Menlo Maniacs batting - Pitching for Bismark Border Guards : RHP Nick Clark
|
Batting: RHB Miguel González
|
0-0: Ball 1-0: Ball 2-0: Ball 3-0: Base on Balls
|
Batting: RHB Vaughan Price
|
0-0: Called Strike 0-1: Foul Ball, location: 2F 0-2: Ball 1-2: Foul Ball, location: 2F 1-2: Strikes out swinging
|
Batting: RHB Kyle Mann
|
0-0: Ball 1-0: Called Strike 1-1: Foul Ball, location: 2F 1-2: Grounds into double play, 5-4-3 (Groundball, 5)
|
Bottom of the 3rd over - 0 run(s), 0 hit(s), 0 error(s), 0 left on base; Bismark 2 - Menlo 0 |
TOP OF THE 4TH |
Bismark Border Guards batting - Pitching for Menlo Maniacs : LHP Raúl Fernández
|
Batting: SHB Júlio Romano
|
0-0: Ground out 5-3 (Groundball, 56S)
|
Batting: RHB Reynaldo Slomp
|
0-0: Foul Ball, location: 2F 0-1: Ball 1-1: Ball 2-1: Ball 3-1: Base on Balls
|
Batting: SHB Vicente Pagán
|
0-0: Fly out, F5 (Line Drive, 5S)
|
Batting: RHB José Vidal
|
0-0: Ball 1-0: Ball 2-0: Ball 3-0: Base on Balls Reynaldo Slomp to second
|
Batting: RHB António Martínez
|
0-0: Ball 1-0: Ball 2-0: Called Strike 2-1: Ball 3-1: Base on Balls Reynaldo Slomp to third José Vidal to second
|
Pitching: RHP Jesús Martínez
|
|
Batting: RHB Tony Hernández
|
0-0: Called Strike 0-1: Ball 1-1: Ball 2-1: Ball 3-1: Foul Ball, location: 2F 3-2: Fly out, F9 (Flyball, 9)
|
Top of the 4th over - 0 run(s), 0 hit(s), 0 error(s), 3 left on base; Bismark 2 - Menlo 0 |
BOTTOM OF THE 4TH |
Menlo Maniacs batting - Pitching for Bismark Border Guards : RHP Nick Clark
|
Batting: RHB Byron Bracy
|
0-0: Called Strike 0-1: Called Strike 0-2: Fly out, F8 (Flyball, 78M)
|
Batting: LHB Bill McCraney
|
0-0: Ball 1-0: Ball 2-0: SINGLE (Line Drive, 78S)
|
Batting: RHB Jason Blair
|
0-0: Swinging Strike 0-1: Ball 1-1: Foul Ball, location: 2F 1-2: Foul Ball, location: 2F 1-2: Strikes out swinging
|
Batting: RHB Luis Ramírez
|
0-0: Ball 1-0: Swinging Strike 1-1: Ball 2-1: Swinging Strike 2-2: Ball 3-2: Strikes out looking
|
Bottom of the 4th over - 0 run(s), 1 hit(s), 0 error(s), 1 left on base; Bismark 2 - Menlo 0 |
TOP OF THE 5TH |
Bismark Border Guards batting - Pitching for Menlo Maniacs : RHP Jesús Martínez
|
Batting: RHB Enrique Soto
|
0-0: Foul Ball, location: 2F 0-1: Ball 1-1: Foul Ball, location: 2F 1-2: Ball 2-2: Ball 3-2: Strikes out swinging
|
Batting: RHB Jeremiah Soto
|
0-0: Called Strike 0-1: Called Strike 0-2: Strikes out swinging
|
Batting: RHB Alfredo Farías
|
0-0: Ball 1-0: Ball 2-0: Called Strike 2-1: Swinging Strike 2-2: Foul Ball, location: 2F 2-2: Strikes out swinging
|
Top of the 5th over - 0 run(s), 0 hit(s), 0 error(s), 0 left on base; Bismark 2 - Menlo 0 |
BOTTOM OF THE 5TH |
Menlo Maniacs batting - Pitching for Bismark Border Guards : RHP Nick Clark
|
Batting: LHB Tim Ramsey
|
0-0: Called Strike 0-1: Ball 1-1: Fly out, F9 (Flyball, 9S)
|
Batting: RHB Joe Noble
|
0-0: Called Strike 0-1: Foul Ball, location: 2F 0-2: Ball 1-2: Fly out, F8 (Flyball, 8RM)
|
Batting: RHB Miguel González
|
0-0: Swinging Strike 0-1: Swinging Strike 0-2: Ball 1-2: Ball 2-2: Strikes out swinging
|
Bottom of the 5th over - 0 run(s), 0 hit(s), 0 error(s), 0 left on base; Bismark 2 - Menlo 0 |
TOP OF THE 6TH |
Bismark Border Guards batting - Pitching for Menlo Maniacs : RHP Jesús Martínez
|
Batting: SHB Júlio Romano
|
0-0: Called Strike 0-1: Foul Ball, location: 2F 0-2: Foul Ball, location: 2F 0-2: SINGLE (Line Drive, 78M)
|
Batting: RHB Reynaldo Slomp
|
0-0: Foul Ball, location: 2F 0-1: Called Strike 0-2: Foul Ball, location: 2F 0-2: Strikes out swinging
|
Batting: SHB Vicente Pagán
|
0-0: Ball Júlio Romano steals 2nd base 1-0: Intentional Walk
|
Batting: RHB José Vidal
|
0-0: Ball Júlio Romano steals 3rd base Vicente Pagán to second 1-0: Ball 2-0: Called Strike 2-1: Fly out, F8 (Flyball, 8LM) Runner from 3rd tags up, SCORES, no throw
|
Batting: RHB António Martínez
|
0-0: SINGLE (Groundball, 6S) (infield hit) Vicente Pagán to third
|
Batting: RHB Tony Hernández
|
0-0: Ball 1-0: DOUBLE (Line Drive, 78D) Vicente Pagán scores António Martínez to third Runner from 3rd tries for Home, SAFE, no throw
|
Pitching: RHP Tomás Silva
|
|
Batting: RHB Enrique Soto
|
0-0: Ball 1-0: Called Strike 1-1: Foul Ball, location: 2F 1-2: Ball 2-2: Foul Ball, location: 2F 2-2: Strikes out swinging
|
Top of the 6th over - 3 run(s), 3 hit(s), 0 error(s), 1 left on base; Bismark 5 - Menlo 0 |
BOTTOM OF THE 6TH |
Menlo Maniacs batting - Pitching for Bismark Border Guards : RHP Nick Clark
|
Batting: RHB Vaughan Price
|
0-0: Swinging Strike 0-1: Ball 1-1: Ball 2-1: Ball 3-1: Base on Balls
|
Batting: RHB Kyle Mann
|
0-0: Swinging Strike 0-1: Foul Ball, location: 2F 0-2: Strikes out swinging
|
Batting: RHB Byron Bracy
|
0-0: Foul Ball, location: 2F 0-1: Fly out, F2 (Popup, 3S)
|
Batting: LHB Bill McCraney
|
0-0: Ball 1-0: Swinging Strike 1-1: Foul Ball, location: 2F 1-2: Ball 2-2: Fly out, F8 (Flyball, 8RM)
|
Bottom of the 6th over - 0 run(s), 0 hit(s), 0 error(s), 1 left on base; Bismark 5 - Menlo 0 |
TOP OF THE 7TH |
Bismark Border Guards batting - Pitching for Menlo Maniacs : RHP Tomás Silva
|
Batting: RHB Jeremiah Soto
|
0-0: Called Strike 0-1: Called Strike 0-2: Foul Ball, location: 2F 0-2: Strikes out swinging
|
Batting: RHB Alfredo Farías
|
0-0: Ball 1-0: Called Strike 1-1: Foul Ball, location: 2F 1-2: Strikes out swinging
|
Batting: SHB Júlio Romano
|
0-0: Ball 1-0: Ball 2-0: Called Strike 2-1: Foul Ball, location: 2F 2-2: Strikes out swinging
|
Top of the 7th over - 0 run(s), 0 hit(s), 0 error(s), 0 left on base; Bismark 5 - Menlo 0 |
BOTTOM OF THE 7TH |
Menlo Maniacs batting - Pitching for Bismark Border Guards : RHP Nick Clark
|
Batting: RHB Jason Blair
|
0-0: Ball 1-0: Ball 2-0: Called Strike 2-1: Called Strike 2-2: Strikes out swinging
|
Batting: RHB Luis Ramírez
|
0-0: Called Strike 0-1: Hit by Pitch
|
Pitching: RHP Robert Alexander
|
|
Batting: LHB Tim Ramsey
|
0-0: SINGLE (Groundball, 4MD) Luis Ramírez to second
|
Batting: RHB Joe Noble
|
0-0: Called Strike 0-1: Fly out, F9 (Flyball, 89S)
|
Batting: RHB Miguel González
|
0-0: Swinging Strike 0-1: Called Strike 0-2: Ball 1-2: Foul Ball, location: 2F 1-2: Ball 2-2: Ball 3-2: Base on Balls Luis Ramírez to third Tim Ramsey to second
|
Batting: RHB Vaughan Price
|
0-0: Ball 1-0: Ball 2-0: Foul Ball, location: 2F 2-1: Foul Ball, location: 2F 2-2: Strikes out swinging
|
Bottom of the 7th over - 0 run(s), 1 hit(s), 0 error(s), 3 left on base; Bismark 5 - Menlo 0 |
TOP OF THE 8TH |
Bismark Border Guards batting - Pitching for Menlo Maniacs : RHP Tomás Silva
|
Batting: RHB Reynaldo Slomp
|
0-0: Ball 1-0: Ball 2-0: Ball 3-0: Called Strike 3-1: Swinging Strike 3-2: Base on Balls
|
Batting: SHB Vicente Pagán
|
0-0: Called Strike 0-1: Ball 1-1: Called Strike 1-2: Ball 2-2: Fielders Choice at 2nd, 3-6 (Groundball, 34)
|
Batting: RHB José Vidal
|
0-0: Ball 1-0: Ball 2-0: Called Strike 2-1: Ball 3-1: Foul Ball, location: 2F 3-2: Foul Ball, location: 2F 3-2: Grounds into double play, 6-4-3 (Groundball, 6)
|
Top of the 8th over - 0 run(s), 0 hit(s), 0 error(s), 0 left on base; Bismark 5 - Menlo 0 |
BOTTOM OF THE 8TH |
Menlo Maniacs batting - Pitching for Bismark Border Guards : RHP Robert Alexander
|
Now at C: Rodrigo García
|
|
Now at 3B: Pedro Rodríguez
|
|
Batting: RHB Kyle Mann
|
0-0: Called Strike 0-1: Swinging Strike 0-2: Strikes out swinging
|
Batting: RHB Byron Bracy
|
0-0: Foul Ball, location: 2F 0-1: Called Strike 0-2: Strikes out swinging
|
Batting: LHB Bill McCraney
|
0-0: Ball 1-0: Called Strike 1-1: Ball 2-1: Ball 3-1: Swinging Strike 3-2: Foul Ball, location: 2F 3-2: Strikes out swinging
|
Bottom of the 8th over - 0 run(s), 0 hit(s), 0 error(s), 0 left on base; Bismark 5 - Menlo 0 |
TOP OF THE 9TH |
Bismark Border Guards batting - Pitching for Menlo Maniacs : RHP Tomás Silva
|
Pitching: LHP Joe Jenkins
|
|
Batting: RHB Rodrigo García
|
0-0: Ball 1-0: Ball 2-0: Ball 3-0: Called Strike 3-1: Fly out, F9 (Flyball, 9LMF)
|
Batting: RHB Pedro Rodríguez
|
0-0: SINGLE (Line Drive, 7S)
|
Batting: RHB Enrique Soto
|
0-0: 2-RUN HOME RUN (Flyball, 8LXD), Distance : 431 ft
|
Batting: RHB Jeremiah Soto
|
0-0: Ground out 4-3 (Groundball, 4)
|
Batting: RHB Alfredo Farías
|
0-0: Ball 1-0: Ball 2-0: Ground out 4-3 (Groundball, 34)
|
Top of the 9th over - 2 run(s), 2 hit(s), 0 error(s), 0 left on base; Bismark 7 - Menlo 0 |
BOTTOM OF THE 9TH |
Menlo Maniacs batting - Pitching for Bismark Border Guards : RHP Robert Alexander
|
Batting: RHB Jason Blair
|
0-0: Called Strike 0-1: Ball 1-1: Fly out, F1 (Line Drive, 13)
|
Batting: RHB Luis Ramírez
|
0-0: Called Strike 0-1: Ball 1-1: Ball 2-1: Foul Ball, location: 2F 2-2: Ball 3-2: Strikes out swinging
|
Batting: LHB Tim Ramsey
|
0-0: Ball 1-0: Ball 2-0: Swinging Strike 2-1: Ball 3-1: Called Strike 3-2: Strikes out swinging
|
Bottom of the 9th over - 0 run(s), 0 hit(s), 0 error(s), 0 left on base; Bismark 7 - Menlo 0 |
|